cohdb
Replays
Latest Replays
All Replays
Popular Replays
Top Player Replays
Match Explorer
How It Works
Community
CoH3 Stats
Reddit
Sign in to upload your games and track your stats! →
Sign in with Steam
Match 42717985
Unlisted
Match 42717985
Overview
Messages
Build Orders
End
Kettenkrad Recon Vehicle
Construct Infanterie Kompanie
Selects Terror Battlegroup
Selects Machine Gun Camouflage
Grenadier Squad
MG 42 Machine Gun Team
Grenadier Squad
Construct Panzergrenadier Kompanie
Panzergrenadier Squad
Pak 40 Anti-tank Gun Team
Support Elements
StuG III G Assault Gun
Panzergrenadier Squad
Nebelwerfer 42 Rocket Launcher Team
Selects Defend the Fatherland
StuG III G Assault Gun
Panzergrenadier Squad
BigTiddyLebron
kreumat
DeadPhoenix
Zleg
0
0
Comments
sign in to comment!
No comments posted yet!